 Dungeon Crawl Stone Soup version 0.17-a0-1430-g49fde19 (webtiles) character file.

227 bal the Ducker (level 5, 0/41 HPs)
             Began as a Draconian Transmuter on June 25, 2015.
             Slain by a goblin (2 damage)
             ... led by Robin
             ... on level 4 of the Dungeon.
             The game lasted 00:09:21 (2016 turns).

bal the Ducker (Draconian Transmuter)               Turns: 2016, Time: 00:09:21

Health: 0/41       AC:  8    Str: 14    XL:     5   Next: 70%
Magic:  8/8        EV: 13    Int: 13    God:
Gold:   141        SH:  0    Dex: 13    Spells: 2 memorised, 5 levels left

rFire  . . .     SeeInvis .     d - +2 mace (venom)
rCold  . . .     Clarity  .     (armour unavailable)
rNeg   . . .     SustAt   .     q - +0 buckler
rPois  .         Gourm    .     (helmet restricted)
rElec  .         Spirit   .     (no cloak)
rCorr  .         Warding  .     y - +2 pair of gloves
rMut   .         Stasis   .     (no boots)
MR     .....                    (no amulet)
Stlth  +.........               v - +2 ring of dexterity
                                p - +3 ring of slaying

@: confused, lethally poisoned (0 -> -41), not resistant to hostile
enchantments, very unstealthy
A: unfitting armour, cold-blooded, AC +5
a: no special abilities


You were on level 4 of the Dungeon.
You were not hungry.

You visited 1 branch of the dungeon, and saw 4 of its levels.

You collected 141 gold pieces.

Inventory:

Hand weapons
 d - a +2 mace of venom (weapon)
 g - a +0 short sword
Missiles
 a - 27 arrows
 k - 37 poisoned needles
 m - 51 bolts
Armour
 q - a +0 buckler (worn)
 y - a +2 pair of gloves (worn)
Jewellery
 p - a +3 ring of slaying (left hand)
 v - a +2 ring of dexterity (right hand)
Scrolls
 r - 3 scrolls of identify
Potions
 A - a potion of flight
Books
 b - a book of Changes

   Spells                             Type                      Level
   a - Beastly Appendage              Transmutation                1
   b - Sticks to Snakes               Transmutation                2
   c - Spider Form                    Transmutation/Poison         3
   d - Ice Form                       Ice/Transmutation            4
   e - Blade Hands                    Transmutation                5
Comestibles
 c - 2 bread rations
 o - 3 chunks of flesh
 t - a meat ration
 z - a slice of pizza


   Skills:
 + Level 1.9 Fighting
 + Level 0.4 Short Blades
 + Level 1.1 Maces & Flails
 + Level 4.1 Dodging
 + Level 0.8 Stealth
 + Level 0.4 Shields
 + Level 3.6 Unarmed Combat
 + Level 2.2 Spellcasting
 + Level 2.4 Transmutations


You had 5 spell levels left.
You knew the following spells:

 Your Spells              Type           Power        Failure   Level  Hunger
a - Beastly Appendage     Trmt           #.....       17%         1    ##.....
b - Sticks to Snakes      Trmt           #.........   28%         2    ###....


Dungeon Overview and Level Annotations

Branches:
Dungeon (4/15)
 Temple: D:4-7

Altars:

Annotations:
D:4 Robin


Innate Abilities, Weirdness & Mutations

Your plain brown scales are hard (AC +5).
Your body does not fit into most forms of armour.
You are cold-blooded and may be slowed by cold attacks.


Message History

You closely miss the goblin.
* * * LOW HITPOINT WARNING * * *
You feel very sick. The hound closely misses you. The goblin misses you.
The goblin hits you but does no damage. x2
The hound closely misses you. The goblin hits you with a club.
* * * LOW HITPOINT WARNING * * *
The goblin hits you but does no damage.
You're too confused to move!
* * * LOW HITPOINT WARNING * * *
You feel very sick. The hound closely misses you.
The goblin closely misses you. The goblin closely misses you.
Robin closely misses you. The hound bites you.
* * * LOW HITPOINT WARNING * * *
The goblin hits you but does no damage. The goblin misses you.
You miss the goblin.
You feel less invigorated.
* * * LOW HITPOINT WARNING * * *
You feel very sick. The hound barely misses you. The goblin hits you.
You die...

#....#.#
###....#.##...
#......... ..
#........ ..
#....... .
#....# r#
#...g##g##
#.#.#g#gg.#
#...h@g#
#.#.#g#gg...#
# #(#b##o#..#
# #o# .# .#
#o# . #o# ##
... ...


You could see a hound, Robin, 4 orcs, 2 hobgoblins, 6 goblins, a bat and a rat.

Vanquished Creatures
  An orc priest (D:3)
  Jessica (D:2)
  A worker ant (D:4)
  6 adders
  2 oozes (D:1)
  3 worms (D:2)
  A giant gecko (D:1)
  5 orcs (D:3)
  4 giant cockroaches
  10 hobgoblins
  2 jackals (D:1)
  9 kobolds
  3 ball pythons
  5 bats
  3 giant newts
  12 goblins
  4 rats
72 creatures vanquished.

Vanquished Creatures (collateral kills)
  An adder (D:3)
  A kobold (D:3)
  A rat (D:3)
3 creatures vanquished.

Grand Total: 75 creatures vanquished

Notes
Turn   | Place    | Note
--------------------------------------------------------------
     0 | D:1      | bal the Draconian Transmuter began the quest for the Orb.
     0 | D:1      | Reached XP level 1. HP: 16/16 MP: 3/3
   185 | D:1      | Reached XP level 2. HP: 21/23 MP: 5/5
   189 | D:1      | Learned a level 2 spell: Sticks to Snakes
   361 | D:1      | Reached XP level 3. HP: 13/28 MP: 6/6
   698 | D:2      | Noticed Jessica
   710 | D:2      | Killed Jessica
   710 | D:2      | Reached XP level 4. HP: 31/35 MP: 7/7
  1675 | D:3      | Reached XP level 5. HP: 38/41 MP: 8/8
  1856 | D:3      | Reached skill level 1 in Maces & Flails
  1975 | D:4      | Noticed Robin
  1985 | D:4      | Reached skill level 4 in Dodging
  2015 | D:4      | HP: 1/41 [hound (4)]
  2016 | D:4      | Slain by a goblin

Vault maps used:
D:1:      scummos_arrival_star, amethyst_killhole
D:2:      uniq_jessica
D:3:      first_bread
D:4:      okawaru_metal_pillars_3, uniq_robin

Action                   |  1- 3 |  4- 6 || total
-------------------------+-------+-------++-------
Melee: Unarmed           |    23 |       ||    23
       Short sword       |    45 |       ||    45
       Mace              |    41 |   120 ||   161
 Cast: Beastly Appendage |     1 |     1 ||     2
       Sticks to Snakes  |       |     5 ||     5
  Use: Potion            |       |    11 ||    11
       Scroll            |       |     8 ||     8
 Stab: Sleeping          |     1 |       ||     1
  Eat: Bread ration      |       |     1 ||     1
